 Dungeon Sprint DCSS version 0.28.0-43-g3370ac3207 (webtiles) character file.

Game seed: 2465313434971711349

116 boopmooplesden the Chopper (level 4, -18/48 HPs)
             Began as a Minotaur Berserker on Mar 13, 2022.
             Was a Believer of Trog.
             Killed from afar by an oklob sapling priest (20 damage)
             ... with a splash of acid
             ... in the Dungeon (Sprint IV: "Fedhas' Mad Dash").
             The game lasted 00:00:42 (529 turns).

boopmooplesden the Chopper (Minotaur Berserker)      Turns: 529, Time: 00:00:42

Health: -18/48     AC:  0    Str: 22    XL:     4   Next: 70%
Magic:  1/3        EV: 12    Int:  6    God:    Trog [**....]
Gold:   69         SH:  0    Dex:  9    Spells: 3/3 levels left

rFire   . . .      SeeInvis .   a - +0 hand axe
rCold   . . .      Faith    .   (no shield)
rNeg    . . .      Spirit   .   i - +0 leather armour
rPois   .          Reflect  .   (helmet restricted)
rElec   .          Harm     .   (no cloak)
rCorr   .          Rampage  .   (no gloves)
Will    .....      NoTele   +   (no boots)
Stlth   +.........              j - amulet of invisibility {+Inv}
HPRegen 0.16/turn               (no ring)
MPRegen 0.08/turn               (no ring)

@: corroded, very slightly contaminated, invisible
A: horns 2, retaliatory headbutt
a: Renounce Religion, Evoke Invisibility, Berserk, Trog's Hand


You were in the Dungeon.
You worshipped Trog.
Trog was pleased with you.
You visited 1 branch You collected 69 gold pieces.

Inventory:

Hand Weapons
 a - a +0 hand axe (weapon)
Armour
 b - a +0 animal skin
 i - a +0 leather armour (worn)
Jewellery
 j - the amulet of invisibility (around neck) {+Inv}
   (You found it in the Dungeon)

   [amulet of nothing]

   +Inv:      It lets you turn invisible.
Scrolls
 h - a scroll of blinking
Potions
 c - a potion of curing
 d - 2 potions of heal wounds
 e - a potion of haste
 f - 2 potions of magic
 g - a potion of berserk rage


   Skills:
 + Level 7.9 Fighting
 + Level 7.9 Axes
 + Level 4.3 Armour
 + Level 3.8 Dodging
 + Level 0.6 Stealth
 + Level 0.2 Evocations


You had 3 spell levels left.
You didn't know any spells.
Your spell library was empty.

Dungeon Overview and Level Annotations

Branches:
Dungeon (1/1)

Altars:
Cheibriados
Dithmenos
Elyvilon
Gozag
Hepliaklqana
Kikubaaqudgha
Makhleb
Nemelex Xobeh
Okawaru
Qazlal
Ru
Sif Muna
Trog
Uskayaw
Vehumet
Wu Jian
Xom
Yredelemnul
Zin
The Shining One
Beogh
Jiyva
Lugonu

Annotations:
D exclusion: oklob sapling


Innate Abilities, Weirdness & Mutations

You have a pair of horns on your head.
You reflexively headbutt those who attack you in melee.


Message History

You flicker back into view.
There is an open door here.
You start resting.
Magic restored.
You start resting.
Your magical contamination has completely faded away.
You start resting.
HP restored.
You start waiting.
Done waiting.
You fade into invisibility!
You are very lightly contaminated with residual magic.
You open the door.
Found four altars.
An oklob sapling priest comes into view.
Found nine altars.
Marking area around an oklob sapling priest as unsafe for travelling.
There is an open door here.
Found three altars.
Found two altars.
Found three altars.
There is an opulent altar of Gozag here.
Found a corrupted altar of Lugonu and a radiant altar of Vehumet.
There is a hazy altar of Hepliaklqana here.
The helpless oklob sapling priest fails to defend itself.
You slash the oklob sapling priest! You headbutt the oklob sapling priest.
The oklob sapling priest is severely damaged.
The oklob sapling priest spits acid at you.
The splash of acid hits you!! The acid corrodes you!
You hit the oklob sapling priest but do no damage.
The oklob sapling priest is severely damaged.
The oklob sapling priest spits acid at you.
The splash of acid hits you!!
Ouch! That really hurt!
* * * LOW HITPOINT WARNING * * *
You hit the oklob sapling priest but do no damage.
The oklob sapling priest is severely damaged.
The oklob sapling priest spits acid at you.
The splash of acid hits you!!
You die...

########################
....#.....#.⌠._._._._.⌠.
....'.#...'.._._@_._._..
....#.#...#..._._P_._...
########'##.._._._._._..
+...#._._._._._.⌠.
#...############## #####


You could see an oklob sapling priest.

Vanquished Creatures
  A scorpion (D)
  2 oklob saplings (D)
  A river rat (D)
  A rat (D)
5 creatures vanquished.

Vanquished Creatures (others)
  2 fungi (D)
2 creatures vanquished.

Grand Total: 7 creatures vanquished

Notes
Turn   | Place    | Note
-------+----------+-------------------------------------------
     0 | D        | boopmooplesden the Minotaur Berserker began the quest for
                  | the Orb.
     0 | D        | Reached XP level 1. HP: 19/19 MP: 0/0
     9 | D        | Reached XP level 2. HP: 28/28 MP: 1/1
   262 | D        | Noticed an oklob sapling
   264 | D        | Killed an oklob sapling
   265 | D        | Reached XP level 3. HP: 25/37 MP: 2/2
   266 | D        | Noticed a scorpion
   266 | D        | Found the amulet of invisibility {+Inv}
   269 | D        | Killed a scorpion
   269 | D        | Reached ** piety under Trog
   270 | D        | Reached XP level 4. HP: 33/47 MP: 3/3
   519 | D        | Found an opulent altar of Gozag.
   519 | D        | Found a hazy altar of Hepliaklqana.
   519 | D        | Found a snail-covered altar of Cheibriados.
   520 | D        | Found a viscous altar of Jiyva.
   520 | D        | Found a burning altar of Makhleb.
   520 | D        | Found a sparkling altar of Nemelex Xobeh.
   520 | D        | Found a sacrificial altar of Ru.
   520 | D        | Found a shimmering blue altar of Sif Muna.
   520 | D        | Found a bloodstained altar of Trog.
   520 | D        | Found an ornate altar of the Wu Jian Council.
   520 | D        | Found a shimmering altar of Xom.
   520 | D        | Found a basalt altar of Yredelemnul.
   521 | D        | Found an iron altar of Okawaru.
   521 | D        | Found a shadowy altar of Dithmenos.
   521 | D        | Found a glowing silver altar of Zin.
   522 | D        | Found an ancient bone altar of Kikubaaqudgha.
   522 | D        | Found a hide-covered altar of Uskayaw.
   523 | D        | Found a stormy altar of Qazlal.
   523 | D        | Found a white marble altar of Elyvilon.
   523 | D        | Found a glowing golden altar of the Shining One.
   524 | D        | Found a corrupted altar of Lugonu.
   524 | D        | Found a radiant altar of Vehumet.
   528 | D        | HP: 2/48 [oklob sapling priest/splash of acid (28)]
   529 | D        | Killed from afar by an oklob sapling priest

Illustrated notes

Levels and vault maps discovered:
D:        dungeon_sprint_fedhas [sprint_temple]

Skill      XL: |  1  2  3 |
---------------+----------+-----
Fighting       | 4 6 7 |  7.9
Axes           | 4 6 7 |  7.9
Armour         | 3 4 |  4.3
Dodging        | 3 |  3.8
Stealth        | |  0.6
Evocations     | |  0.2

Action                   |  1- 3 |  4- 6 || total
-------------------------+-------+-------++-------
Melee: Hand axe          |    10 |    10 ||    20
       Headbutt          |     1 |     2 ||     3
Invok: Berserk           |     2 |       ||     2
 Abil: Evoke Invisibilit |       |     2 ||     2
 Stab: Invisible         |       |     2 ||     2
       Sleeping          |       |     2 ||     2
Dodge: Dodged            |     3 |       ||     3
